 Dungeon Crawl Stone Soup version 0.18-a0-1195-g77a4f03 (webtiles) character file.

148 gorblad the Skirmisher (level 5, 0/41 HPs)
             Began as a Mummy Fighter on Jan 29, 2016.
             Slain by a sky beast (1 damage)
             ... on level 5 of the Dungeon.
             The game lasted 00:08:10 (2503 turns).

gorblad the Skirmisher (Mummy Fighter)              Turns: 2503, Time: 00:08:10

Health: 0/41       AC:  8    Str: 20    XL:     5   Next: 8%
Magic:  5/5        EV:  8    Int:  7    God:
Gold:   47         SH: 10    Dex: 12    Spells: 0 memorised, 4 levels left

rFire  x . .     SeeInvis .     a - +0 long sword
rCold  + + .     Gourm    .     e - +2 ring mail {rC+}
rNeg   + + +     Faith    .     c - +1 shield
rPois  ∞         Spirit   .     d - +0 helmet
rElec  .         Dismiss  .     (no cloak)
rCorr  .         Reflect  .     (no gloves)
SustAt .         Harm     .     (no boots)
MR     .....                    (no amulet)
Stlth  +.........               (no ring)
                                (no ring)

@: not resistant to hostile enchantments, very unstealthy
A: no food or potions, fire vulnerability, cold resistance 1, negative energy
resistance 3, torment resistance, unbreathing
a: no special abilities


You were on level 5 of the Dungeon.
You were not hungry.

You visited 1 branch of the dungeon, and saw 4 of its levels.

You collected 47 gold pieces.

Inventory:

Hand Weapons
 a - a +0 long sword (weapon)
Armour
 b - a +0 scale mail
 c - a +1 shield (worn)
 d - a +0 helmet (worn)
 e - a +2 ring mail of cold resistance (worn)
Jewellery
 f - a +3 ring of strength {unknown}
Wands
 l - a wand of random effects (30/48)
Scrolls
 g - a scroll of identify
 h - a scroll of enchant weapon {unknown}
 i - a scroll of remove curse {unknown}
 j - a scroll of teleportation {unknown}
 k - 2 scrolls of enchant armour


   Skills:
 + Level 3.4 Fighting
 * Level 2.7 Long Blades
 * Level 3.0 Armour
 + Level 1.0 Dodging
 * Level 3.2 Shields


You had 4 spell levels left.
You didn't know any spells.

Dungeon Overview and Level Annotations

Branches:
Dungeon (3/15)

Altars:
Ru


Innate Abilities, Weirdness & Mutations

You do not eat or drink.
Your flesh is vulnerable to fire.
You are immune to poison.
Your flesh is cold resistant.
You are immune to negative energy.
You are immune to unholy pain and torment.
You can survive without breathing.


Message History

Deactivating autopickup; reactivate with Ctrl-A.
Something hits you but does no damage.
You miss something. You block something's attack.
You miss something.
A sky beast appears from thin air!
Reactivating autopickup.
The sky beast closely misses you. The sky beast hits you.
* * * LOW HITPOINT WARNING * * *
The sky beast shocks you.
* * * LOW HITPOINT WARNING * * *
You hit the sky beast.
The sky beast is heavily wounded.
You block the sky beast's attack.
You closely miss the sky beast.
The sky beast is heavily wounded.
You block the sky beast's attack.
You barely miss the sky beast.
The sky beast is heavily wounded.
The sky beast hits you but does no damage.
The sky beast hits you.
You die...

###### #....# #######
#....# #...<.# #....#
###.....# #....#
........#####....#####
......Y@....>........#
.#......#....#.......#
#.######....#.......#
#....#.......# ##
######+##......#
....(.....#..##### .
#..[..##.## #.
#.....##..#
#####.##.....###.##


You could see a sky beast.

Vanquished Creatures
  Robin (D:3)
  5 adders
  An ooze (D:2)
  An adder skeleton (D:3)
  2 worms (D:2)
  4 giant geckos
  2 orcs (D:3)
  5 bats
  2 giant cockroaches (D:1)
  12 goblins
  10 hobgoblins
  A jackal (D:2)
  3 quokkas
  3 ball pythons
  A giant gecko zombie (D:5)
  6 giant newts
  8 kobolds
  7 rats
74 creatures vanquished.

Notes
Turn   | Place    | Note
--------------------------------------------------------------
     0 | D:1      | gorblad the Mummy Fighter began the quest for the Orb.
     0 | D:1      | Reached XP level 1. HP: 18/18 MP: 1/1
   323 | D:1      | Reached XP level 2. HP: 22/24 MP: 2/2
  1034 | D:2      | Reached XP level 3. HP: 24/29 MP: 3/3
  1396 | D:2      | Reached XP level 4. HP: 28/35 MP: 4/4
  1503 | D:2      | Found a sacrificial altar of Ru.
  1843 | D:3      | Noticed Robin
  1852 | D:3      | Killed Robin
  2335 | D:3      | Reached skill level 1 in Dodging
  2347 | D:3      | Reached XP level 5. HP: 37/41 MP: 5/5
  2447 | D:3      | You fall through a shaft for 2 floors!
  2447 | D:5      | Entered Level 5 of the Dungeon
  2475 | D:5      | Noticed a sky beast
  2500 | D:5      | HP: 1/41 [sky beast (6)]
  2503 | D:5      | Slain by a sky beast

Vault maps used:
D:1:      tarquinn_simple_flora_water_e
D:2:      lemuel_coloured_pillars_altar, minmay_cut_off
D:3:      first_bread, uniq_robin
D:5:      kennysheep_kobold_camp, kiku_gazebo_pond_becter,
          nicolae_overflow_crystal_walls, minmay_temple_entry_mist,
          hangedman_abyss_or_decor_passed, uniq_grinder, uniq_pikel

Action                   |  1- 3 |  4- 6 || total
-------------------------+-------+-------++-------
Melee: Long sword        |   145 |   155 ||   300
  Use: Scroll            |     3 |     3 ||     6
